 Dungeon Crawl Stone Soup version 0.27-a0-869-g165b36e3f0 (webtiles) character file.

Game seed: 5268563584031084279

2962 jasper the Chopper (level 9, -6/106 HPs)
             Began as a Demonspawn Delver on Apr 2, 2021.
             Was a Believer of Trog.
             Mangled by a two-headed ogre
             ... wielding a +0 giant spiked club
              (26 damage)
             ... on level 7 of the Dungeon.
             The game lasted 00:14:48 (9306 turns).

jasper the Chopper (Demonspawn Delver)              Turns: 9306, Time: 00:14:49

Health: -6/106     AC: 13    Str: 16    XL:     9   Next: 52%
Magic:  9/9        EV: 17    Int: 11    God:    Trog [**....]
Gold:   303        SH:  0    Dex: 15    Spells: 8/8 levels left

rFire    . . .     SeeInvis .   z - +1 war axe
rCold    . . .     Faith    .   (no shield)
rNeg     . . .     Spirit   .   u - +0 scale mail
rPois    .         Reflect  .   C - +0 helmet
rElec    .         Harm     .   e - +2 cloak {Stlth+}
rCorr    .         Rampage  .   (no gloves)
Will     .....                  (no boots)
Stlth    ..........             (no amulet)
HPRegen  0.27/turn              (no ring)
MPRegen  0.11/turn              (no ring)

@: mighty, agile, berserking, very quick
A: talons 1, icy blue scales 1, powered by pain 1, demonic magic 1
a: Renounce Religion, Berserk, Trog's Hand


You were on level 7 of the Dungeon.
You worshipped Trog.
Trog was pleased with you.
You visited 2 branches of the dungeon, and saw 8 of its levels.

You collected 303 gold pieces.

Inventory:

Hand Weapons
 a - a +0 hand axe
 y - a +5 whip
 z - a +1 war axe (weapon)
Missiles
 i - 196 stones (quivered)
 j - 61 poisoned darts
 o - 53 bolts
 p - a throwing net
 r - 8 atropa-tipped darts
Armour
 b - a +0 leather armour
 e - a +2 cloak of stealth (worn)
 h - a +0 chain mail
 u - a +0 scale mail (worn)
 C - a +0 helmet (worn)
Jewellery
 l - a +4 ring of protection
 m - a ring of protection from cold
Wands
 g - a wand of random effects (15)
 s - a wand of polymorph (7)
 A - a wand of flame (25)
Scrolls
 c - 3 scrolls of fog
 d - 2 scrolls of magic mapping
 n - a scroll of enchant weapon
 q - a scroll of torment {unknown}
 w - 3 scrolls of teleportation
 x - 3 scrolls of fear
 F - a scroll of immolation
 G - a scroll of blinking
Potions
 f - 3 potions of heal wounds
 k - a potion of flight
 t - a potion of curing
 v - 2 potions of resistance
 B - 2 potions of lignification
 D - 2 potions of cancellation
 H - a potion of brilliance {unknown}


   Skills:
 + Level 6.6 Fighting
 * Level 7.9 Axes
 + Level 5.2 Armour
 + Level 5.6 Dodging
 - Level 4.5 Stealth


You had 8 spell levels left.
You didn't know any spells.
Your spell library was empty.

Dungeon Overview and Level Annotations

Branches:
Dungeon (7/15)             Temple (1/1) D:5

Altars:
Ru
Trog
Wu Jian
Xom

Shops:
D:2 =

Annotations:
D:7 3 runed translucent doors, Joseph


Innate Abilities, Weirdness & Mutations

You have sharp toenails.
You are partially covered in icy blue scales. (AC +2)
You sometimes gain a little power by taking damage.
Spells you cast may paralyse adjacent enemies.


Message History

Joseph wields a +0 hunting sling.
Joseph shoots a sling bullet.
The sling bullet hits you!!
A howler monkey zombie comes into view.
You take 19 damage, and have 52/71 hp.
MASSIVE DAMAGE!!
Aiming: Polymorph
Press: ? - help, Shift-Dir - straight line, f/p - Joseph
Aim: Joseph, wielding a +0 hunting sling, wearing a +0 leather armour and quivering sling bullets (moderately wounded, will become a hog, a steam dragon, or a harpy, chance to affect: 28%) Joseph easily resists.
A red film seems to cover your vision as you go berserk!
You feel yourself moving faster!
You feel mighty!
Joseph shoots a sling bullet.
The sling bullet hits you!
You now have 67/106 hp.
You feel a strong urge to attack something.
Joseph unwields a +0 hunting sling.
Joseph wields a +2 spectral quarterstaff.
Joseph hits you but does no damage.
There is an open door here.
You closely miss Joseph. You claw Joseph.
Joseph is moderately wounded.
You slash the two-headed ogre!
The two-headed ogre hits you with a +0 giant spiked club!
The two-headed ogre hits you with a +0 giant club!!
* * * LOW HITPOINT WARNING * * *
You focus on the pain.
You feel agile all of a sudden.
You take 39 damage, and have 28/106 hp.
MASSIVE DAMAGE!!
You hit Joseph. Your kick misses Joseph.
Joseph is moderately wounded.
You completely miss the two-headed ogre.
Joseph says, "It's nothing personal, but I have to kill you."
Joseph completely misses you.
You barely miss the two-headed ogre. You claw the two-headed ogre!
The two-headed ogre is severely wounded.
A komodo dragon comes into view.
The two-headed ogre hits you with a +0 giant spiked club!
* * * LOW HITPOINT WARNING * * *
You focus on the pain.
You feel very mighty all of a sudden.
The two-headed ogre hits you with a +0 giant club!!
You die...

....#..# ##.# .
....#..# #. . .
....+..# ..#...#l
....#..# ...#....##
....#..#....#..#..#
....+..#....#.....
....#..#....#..Z@+
......##....# ##O#
######....#####.@#
#....#..'...+
#....#.[#...#
#....#..#...#
#....#..#...#
#[...##.###.#
##.>..#.###.#
#....'...#..
#....#...#..#


You could see Joseph, a two-headed ogre, a komodo dragon (wandering) and a
howler monkey zombie.

Vanquished Creatures
  Pikel (D:7)
  A troll (D:7)
  Sigmund (D:3)
  Menkaure (D:4)
  An orc warrior (D:7)
  3 ice beasts
  A sky beast (D:7)
  2 ogres (D:7)
  2 centaurs
  3 lemures (D:7)
  2 kobold brigands (D:5)
  A wyvern zombie (D:6)
  A water moccasin zombie (D:5)
  A wyvern skeleton (D:4)
  5 killer bees (D:7)
  A bullfrog zombie (D:6)
  2 jellies
  3 hounds
  A gnoll shaman (D:3)
  Ijyb (D:3)
  2 orc priests
  3 iguanas
  2 orc wizards (D:7)
  Robin (D:4)
  8 gnolls
  6 adders
  A howler monkey skeleton (D:6)
  A white imp (D:6)
  An ufetubus (D:5)
  An adder skeleton (D:4)
  2 worms
  3 dart slugs
  9 orcs
  6 ball pythons
  10 endoplasms
  5 giant cockroaches
  8 hobgoblins
  4 jackals (D:3)
  3 quokkas
  9 bats
  2 frilled lizards (D:1)
  17 goblins
  19 kobolds
  A quokka skeleton (D:4)
  5 rats
163 creatures vanquished.

Notes
Turn   | Place    | Note
-------+----------+-------------------------------------------
     0 | D:5      | jasper the Demonspawn Delver began the quest for the Orb.
     0 | D:5      | Reached XP level 1. HP: 18/18 MP: 1/1
     9 | D:5      | Became a worshipper of Trog the Wrathful
    54 | D:5      | Noticed an iguana
    70 | D:5      | Reached skill level 2 in Axes
   271 | D:4      | Gained mutation: You have sharp toenails. [demonic
                  | ancestry]
   271 | D:4      | Reached XP level 2. HP: 24/24 MP: 2/2
   292 | D:4      | Noticed Robin
   309 | D:4      | Killed Robin
   345 | D:4      | HP: 1/24 [acid (7)]
   383 | D:2      | Reached XP level 3. HP: 4/29 MP: 3/3
   735 | D:1      | Reached skill level 1 in Armour
  1270 | D:1      | Found a faded altar of an unknown god.
  1692 | D:2      | Reached * piety under Trog
  1693 | D:2      | Reached XP level 4. HP: 35/35 MP: 4/4
  2012 | D:2      | Found Xepiss's Jewellery Emporium.
  2118 | D:2      | Reached skill level 3 in Axes
  2558 | D:3      | Reached XP level 5. HP: 41/41 MP: 5/5
  2731 | D:3      | Found an ornate altar of the Wu Jian Council.
  3037 | D:3      | Noticed Ijyb
  3083 | D:3      | Killed Ijyb
  3085 | D:3      | Gained mutation: You are partially covered in icy blue
                  | scales. (AC +2) [demonic ancestry]
  3085 | D:3      | Reached XP level 6. HP: 48/48 MP: 6/6
  3650 | D:3      | Noticed Sigmund
  3660 | D:3      | Killed Sigmund
  3661 | D:3      | Reached skill level 4 in Axes
  4027 | D:4      | Reached ** piety under Trog
  4218 | D:4      | Gained mutation: You sometimes gain a little power by
                  | taking damage. [demonic ancestry]
  4218 | D:4      | Reached XP level 7. HP: 45/55 MP: 7/7
  4477 | D:4      | Noticed Menkaure
  4486 | D:4      | Killed Menkaure
  5048 | D:4      | Reached skill level 5 in Axes
  5627 | D:5      | Found a staircase to the Ecumenical Temple.
  5775 | D:5      | Found a sacrificial altar of Ru.
  6331 | D:5      | Reached skill level 5 in Fighting
  6331 | D:5      | Reached XP level 8. HP: 37/62 MP: 8/8
  6605 | D:5      | Found a shimmering altar of Xom.
  6741 | Temple   | Entered the Ecumenical Temple
  7211 | D:6      | Reached skill level 6 in Axes
  7961 | D:6      | Identified a scroll of acquirement
  7961 | D:6      | Acquired a +2 cloak of stealth
  8438 | D:7      | Reached skill level 5 in Dodging
  8463 | D:7      | Reached skill level 7 in Axes
  8463 | D:7      | Gained mutation: Spells you cast may paralyse adjacent
                  | enemies. [demonic ancestry]
  8463 | D:7      | Reached XP level 9. HP: 68/69 MP: 9/9
  8717 | D:7      | Noticed Pikel
  8727 | D:7      | Killed Pikel
  8728 | D:7      | Reached skill level 5 in Armour
  9200 | D:7      | Found a runed translucent gate.
  9200 | D:7      | Found a runed translucent gate.
  9200 | D:7      | Found a runed translucent gate.
  9224 | D:7      | Noticed a troll
  9234 | D:7      | Killed a troll
  9298 | D:7      | Noticed a two-headed ogre
  9298 | D:7      | Noticed Joseph
  9306 | D:7      | Noticed a komodo dragon
  9306 | D:7      | Mangled by a two-headed ogre

Illustrated notes

Levels and vault maps discovered:
D:1:      onia_arrival_pyramid, layout_basic, ebering_ecumenical_altar_hall
D:2:      minmay_diamond_boxcup, layout_rooms, serial_shops,
          nicolae_shop_behind_doors, kennysheep_generic_room_9
D:3:      minmay_chambers_of_twos, layout_loops_ring, lemuel_tele_altar,
          uniq_ijyb, uniq_sigmund
D:4:      layout_layer_cave, amethyst_killhole, uniq_menkaure, uniq_robin
D:5:      layout_gridville, nicolae_ru_awakened_eye, trog_three_pillars_becter,
          lemuel_round_altar, minmay_temple_entry_waves, minmay_misc_feat_tiny
D:6:      layout_gridville, lemuel_flame_loot_1
D:7:      layout_gridville, grunt_dithmenos_shadows, gammafunk_ghost_icy,
          minmay_manual_moon, uniq_joseph, uniq_pikel
Temple:   nicolae_temple_figure_zero

Skill      XL: |  1  2  3  4  5  6  7  8  9 |
---------------+----------------------------+-----
Axes           | 2 3 4 5 7 |  7.9
Dodging        | 2 3 4 5 |  5.6
Armour         | 1 2 3 4 5 |  5.2
Fighting       | 4 5 6 |  6.6
Stealth        | |  4.5

Action                   |  1- 3 |  4- 6 |  7- 9 || total
-------------------------+-------+-------+-------++-------
Melee: Hand axe          |    60 |   135 |       ||   195
       Kick              |    12 |    46 |    56 ||   114
       War axe           |       |    33 |   223 ||   256
Throw: Dart              |    45 |    38 |       ||    83
       Stone             |       |    62 |    95 ||   157
Invok: Berserk           |       |    10 |    16 ||    26
Evoke: Wand              |     2 |     1 |    16 ||    19
  Use: Scroll            |     3 |       |    10 ||    13
       Potion            |     2 |     4 |       ||     6
Armor: Chain mail        |    57 |    45 |       ||   102
       Scale mail        |       |    40 |   121 ||   161
Dodge: Dodged            |    29 |    72 |   128 ||   229

Table legend: (Time is in decaauts)
 A = Elapsed time spent in this place.
 B = Non-inter-level travel time spent in this place.
 C = Inter-level travel time spent in this place.
 D = Time resting spent in this place.
 E = Time spent auto-exploring this place.
 F = Levels seen in this place.
 G = Mean time per level.
                   A        B        C        D        E       F      G
               +--------+--------+--------+--------+--------+-----+--------+
         Total |   9614 |   9370 |    244 |   2701 |   4953 |   8 | 1201.8 |
       Dungeon |   9613 |   9369 |    244 |   2701 |   4953 |   7 | 1373.3 |
        Temple |      1 |      1 |      0 |      0 |      0 |   1 |    1.0 |
               +--------+--------+--------+--------+--------+-----+--------+

Top non-repeatable levels by time:
     D:4: 1734 daAuts
     D:3: 1704 daAuts
     D:5: 1505 daAuts
     D:6: 1392 daAuts
     D:7: 1231 daAuts
     D:2: 1104 daAuts
     D:1: 940 daAuts
  Temple: 1 daAuts
